AoeStats
← LemurChef278

Arabia

510824317Analyzed
2v2 RM · 1d ago on Oct 2, 2026· 70m 17s· 4 players
Game mode
Random Map
Map size
Medium (4 player)
Population
200
Speed
Normal
Resources
Standard
Victory
Conquest
Starting age
Dark Age
Ending age
Imperial Age
RankedLock teamsTeams togetherTeam positionsShared explorationLock speedFull tech treeHidden civsTurbo modeCheats
Victory
Defeat
🇷🇺 Saxons · Russia
906
+17
🇦🇲 Inca · Armenia
905
+17
🇩🇪 Wu · Germany
924
-17
🇩🇪 Magyars · Germany
923
-17
Tiglatpalasar
7:38 Loom
12:48 Feudal Age
13:59 Double-Bit Axe
14:06 Gold Mining
14:07 Stone Mining
19:26 Horse Collar
25:24 Castle Age
27:13 Gold Shaft Mining
29:23 Forging
29:14 Scale Mail Armor
30:11 Bow Saw
31:50 Iron Casting
31:31 Chain Mail Armor
37:52 Imperial Age
35:51 Arson
38:15 Elite Hearth Troop
41:55 Plate Mail Armor
41:26 Padded Archer Armor
45:25 Two-Man Saw
46:17 Conscription
47:16 Shield Wall
49:08 Elite Varangian Guard
49:42 Fletching
50:07 Leather Archer Armor
50:30 Fortified Wall
58:34 Capped Ram
64:42 Siege Ram
xcho89
7:06 Loom
9:24 Feudal Age
10:11 Double-Bit Axe
19:19 Horse Collar
22:01 Castle Age
20:17 Champi Runner
21:19 Forging
22:15 Scale Mail Armor
22:09 Champi Warrior
23:51 Squires
24:23 Fortified Wall
25:23 Arson
26:15 Iron Casting
25:51 Heavy Plow
26:03 Bow Saw
26:15 Masonry
26:45 Fletching
27:20 Ballistics
29:24 Chain Mail Armor
31:59 Wheelbarrow
32:02 Stone Mining
32:05 Gold Mining
37:34 Imperial Age
36:26 Gold Shaft Mining
36:32 Stone Shaft Mining
38:09 Hand Cart
39:28 Blast Furnace
38:30 Fabric Shields
38:47 Elite Champi Warrior
40:59 Plate Mail Armor
40:53 Conscription
41:04 Town Watch
41:51 Crop Rotation
42:38 Treadmill Crane
42:56 Bodkin Arrow
48:44 Elite Kamayuk
50:47 Town Patrol
51:53 Chemistry
51:11 Bracer
55:31 Padded Archer Armor
55:07 Elite Skirmisher
57:10 Leather Archer Armor
60:26 Ring Archer Armor
60:47 Andean Sling
61:22 Thumb Ring
62:32 Siege Engineers
Soulman
11:09 Feudal Age
16:25 Castle Age
15:00 Double-Bit Axe
16:40 Horse Collar
18:56 Scale Barding Armor
23:44 Wheelbarrow
24:52 Bow Saw
24:43 Heavy Plow
25:38 Chain Barding Armor
26:01 Loom
26:57 Gold Mining
26:57 Stone Mining
27:03 Stone Mining
27:17 Fletching
27:27 Padded Archer Armor
28:08 Bloodlines
27:59 Husbandry
33:21 Town Watch
37:55 Imperial Age
41:08 Hand Cart
40:56 Town Patrol
41:20 Conscription
41:53 Corvinian Army
43:38 Gold Shaft Mining
45:31 Leather Archer Armor
45:13 Bodkin Arrow
45:29 Elite Magyar Huszar
46:12 Recurve Bow
46:48 Hoardings
51:28 Parthian Tactics
51:09 Thumb Ring
55:43 Two-Man Saw
59:34 Ballistics
59:26 Heavy Cavalry Archer
63:35 Bracer
LemurChef278
11:27 Feudal Age
13:22 Double-Bit Axe
16:50 Castle Age
16:41 Fletching
16:37 Horse Collar
19:02 Bodkin Arrow
26:56 Wheelbarrow
26:09 Town Watch
26:21 Town Watch
27:01 Light Cavalry
27:50 Gold Mining
29:02 Loom
29:23 Town Patrol
30:48 Bow Saw
31:07 Ballistics
31:32 Forging
31:29 Scale Barding Armor
32:29 Bloodlines
38:01 Imperial Age
35:45 Padded Archer Armor
36:02 Heavy Plow
38:05 Iron Casting
37:47 Leather Archer Armor
37:54 Chain Barding Armor
38:57 Bracer
39:12 Red Cliffs Tactics
39:13 Sitting Tiger
41:02 Heavy Hei Guang Cavalry
42:24 Murder Holes
45:32 Conscription
47:08 Blast Furnace
46:47 Hussar
48:12 Elite Fire Archer
50:55 Chemistry
51:07 Chemistry
59:14 Plate Barding Armor
Connection lost

Rejoining the realm…

Still unreachable

The connection could not be restored.

Session expired

The server has moved on; the page needs a fresh start.